 Dungeon Crawl Stone Soup version 0.25-a0-577-ga4619f4 (webtiles) character file.

Game seed: 17965498118113436337, levelgen mode: deterministic

75 15 the Shield-Bearer (level 4, -1/35 HPs)
             Began as a Formicid Fighter on Mar 2, 2020.
             Slain by a gnoll
             ... wielding a +3 flail of protection
              (7 damage)
             ... on level 2 of the Dungeon.
             The game lasted 00:02:45 (764 turns).

15 the Shield-Bearer (Formicid Fighter)              Turns: 764, Time: 00:02:46

Health: -1/35      AC:  6    Str: 21    XL:     4   Next: 55%
Magic:  5/5        EV:  8    Int:  8    God:
Gold:   33         SH:  9    Dex: 10    Spells: 5/5 levels left

rFire    + . .     SeeInvis +   a - +0 war axe
rCold    . . .     Gourm    .   c - +0 kite shield
rNeg     . . .     Faith    .   b - +0 scale mail
rPois    .         Spirit   .   (helmet unavailable)
rElec    .         Reflect  .   (no cloak)
rCorr    .         Harm     .   (no gloves)
MR       .....                  (no boots)
Stlth    ..........             (no amulet)
HPRegen  0.11/turn              e - ring of wizardry
MPRegen  0.09/turn              j - ring of protection from fire

@: mighty
A: permanent stasis, dig shafts and tunnels, four strong arms, antennae 3
a: Dig, Shaft Self


You were on level 2 of the Dungeon.
You were not hungry.

You visited 1 branch of the dungeon, and saw 2 of its levels.

You collected 33 gold pieces.

Inventory:

Hand Weapons
 a - a +0 war axe (weapon)
 m - a +0 dagger of venom
Armour
 b - a +0 scale mail (worn)
 c - a +0 kite shield (worn)
 i - a +0 plate armour
Jewellery
 e - a ring of wizardry (left hand)
 j - a ring of protection from fire (right hand)
Scrolls
 k - a scroll of remove curse
 n - a scroll of identify {unknown}
Potions
 h - a potion of ambrosia {unknown}
 l - a potion of lignification {unknown}
Comestibles
 f - 3 rations
 g - a chunk of flesh


   Skills:
 + Level 3.5 Fighting
 + Level 3.0 Axes
 + Level 3.5 Armour
 * Level 1.2 Dodging
 + Level 4.1 Shields
 * Level 1.2 Spellcasting


You had 5 spell levels left.
You didn't know any spells.
Your spell library was empty.

Dungeon Overview and Level Annotations

Branches:
Dungeon (2/15)

Altars:


Innate Abilities, Weirdness & Mutations

You cannot be hasted, slowed, berserked, paralysed or teleported.
You can dig through walls and to a lower floor.
Your four strong arms can wield two-handed weapons with a shield.
You have a pair of large antennae on your head. (SInv)


Message History

The gnoll barely misses you. You block the gnoll's attack.
You closely miss the gnoll. You slash the gnoll!
The gnoll hits you from afar with a +0 spear.
* * * LOW HITPOINT WARNING * * *
The gnoll hits you with a +0 whip.
* * * LOW HITPOINT WARNING * * *
The gnoll closely misses you.
You slash the gnoll!
You kill the gnoll!
You barely miss the gnoll. You block the gnoll's attack.
The gnoll closely misses you. The gnoll hits you but does no damage.
Your shield and scale mail prevent you from hitting the gnoll.
You slash the gnoll!
You kill the gnoll!
Your Axes skill increases to level 3!
You block the gnoll's attack. The gnoll closely misses you.
You block the gnoll's attack.
The hobgoblin hits you but does no damage.
The gnoll hits you with a +3 flail of protection!
You die...

###.####......
.........#... .. .......
#######.##..# ..........
# #.# #.#... #.........
# #.# #....####.##......
# #.# #.##.#............
###.###.........#.......
##...##......##.#g......
##...##...#....g@g......
##...##.###.##..###...##
##...##.#..รท.......# ##
##...##.#..........#
........#..........#
#########........$.#
#..).......#
############


You could see 2 gnolls and a hobgoblin.

Vanquished Creatures
  2 gnolls (D:2)
  2 adders (D:2)
  2 oozes (D:1)
  A dart slug (D:1)
  A leopard gecko (D:1)
  2 giant cockroaches (D:1)
  5 goblins
  2 jackals (D:2)
  3 bats (D:1)
  5 kobolds
  3 rats
28 creatures vanquished.

Notes
Turn   | Place    | Note
-------+----------+-------------------------------------------
     0 | D:1      | 15 the Formicid Fighter began the quest for the Orb.
     0 | D:1      | Reached XP level 1. HP: 18/18 MP: 1/1
   147 | D:1      | Reached XP level 2. HP: 23/24 MP: 2/2
   501 | D:1      | Reached XP level 3. HP: 28/29 MP: 4/4
   604 | D:1      | Reached skill level 4 in Shields
   742 | D:2      | Reached skill level 1 in Spellcasting
   754 | D:2      | Reached skill level 1 in Dodging
   759 | D:2      | Reached XP level 4. HP: 14/35 MP: 5/5
   764 | D:2      | Slain by a gnoll

Levels and vault maps discovered:
D:1:      dpeg_arrival_windows_large_door, layout_loops_ring
D:2:      layout_rooms, chequers_jeans

Skill      XL: |  1  2  3  4 |
---------------+-------------+-----
Shields        | 4 |  4.1
Spellcasting   | 1 |  1.2
Dodging        | 1 |  1.2
Axes           | 3 |  3.0
Fighting       | |  3.5
Armour         | |  3.5

Action                   |  1- 3 |  4- 6 || total
-------------------------+-------+-------++-------
Melee: War axe           |    90 |     4 ||    94
  Use: Scroll            |     3 |       ||     3
       Potion            |     1 |       ||     1
Armor: Scale mail        |    40 |     2 ||    42
Dodge: Dodged            |    36 |     4 ||    40
Block: Kite shield       |    54 |     7 ||    61

Table legend:
 A = Non-vault XP
 B = Vault XP
 C = Vault XP percentage of total XP
 D = Non-vault monster count
 E = Vault monster count
 F = Vault count percentage of total count
                 A         B        C        D         E       F
            +---------+---------+-------+---------+---------+-------
      Total |     108 |       0 |   0.0 |      28 |       0 |   0.0
            +---------+---------+-------+---------+---------+-------
        D:1 |      37 |       0 |   0.0 |      15 |       0 |   0.0
        D:2 |      71 |       0 |   0.0 |      13 |       0 |   0.0
            +---------+---------+-------+---------+---------+-------
